AoeStats
← JIJINz

Lombardia

509659720Analyzed
4v4 RM · 5d ago on Sep 27, 2026· 46m 55s· 8 players
Game mode
Random Map
Map size
Large (8 player)
Population
200
Speed
Normal
Resources
Standard
Victory
Conquest
Starting age
Dark Age
Ending age
Imperial Age
RankedLock teamsTeams togetherTeam positionsShared explorationLock speedFull tech treeHidden civsTurbo modeCheats
Victory
Defeat
🇪🇸 Mongols · Spain
1569
+14
🇨🇴 Franks · Colombia
1568
+14
🇩🇪 Lithuanians · Germany
1562
+14
🇯🇵 Burmese · Japan
1556
+15
🇫🇷 Goths · France
1591
-16
🇬🇧 Spanish · United Kingdom
1568
-16
🇦🇷 Celts · Argentina
1490
-13
🇫🇷 Huns · France
1458
-12
MZTK | KaLiuM
8:19 Loom
10:27 Feudal Age
15:59 Castle Age
14:04 Double-Bit Axe
16:04 Scale Barding Armor
18:14 Town Watch
19:51 Chain Barding Armor
21:29 Bow Saw
22:31 Husbandry
25:51 Wheelbarrow
25:56 Gold Mining
29:23 Forging
29:52 Hand Cart
30:48 Iron Casting
31:21 Gold Shaft Mining
30:36 Stone Mining
34:27 Imperial Age
34:36 Town Patrol
34:37 Cavalier
36:00 Plate Barding Armor
36:25 Blast Furnace
35:16 Fletching
35:43 Caravan
36:36 Paladin
37:39 Padded Archer Armor
38:02 Ballistics
38:43 Chemistry
37:23 Treadmill Crane
37:54 Masonry
38:14 Cranequins
38:57 Bodkin Arrow
42:02 Chivalry
41:22 Ordonnance Companies
42:23 Conscription
43:48 Leather Archer Armor
43:34 Scale Mail Armor
44:07 Architecture
46:28 Siege Engineers
JIJINz
7:28 Loom
9:32 Feudal Age
10:18 Horse Collar
20:27 Castle Age
18:23 Gold Mining
18:27 Stone Mining
19:50 Forging
19:46 Scale Barding Armor
20:04 Bloodlines
21:38 Wheelbarrow
21:18 Husbandry
22:36 Heavy Plow
23:45 Iron Casting
25:18 Town Watch
28:43 Hand Cart
29:20 Stone Mining
31:14 Chain Barding Armor
36:01 Imperial Age
34:06 Fletching
35:18 Manipur Cavalry
34:48 Light Cavalry
35:43 Bodkin Arrow
36:24 Gold Shaft Mining
36:49 Hussar
38:05 Plate Barding Armor
38:30 Blast Furnace
38:37 Crop Rotation
38:34 Howdah
38:57 Conscription
38:56 Elite Battle Elephant
39:59 Caravan
40:30 Coinage
42:03 Banking
42:12 Elite Arambai
42:55 Padded Archer Armor
44:13 Bracer
44:47 Ballistics
45:28 Chemistry
44:16 Treadmill Crane
45:57 Parthian Tactics
46:36 Man-at-Arms
47:02 Gambesons
47:17 Squires
47:02 Arson
47:18 Squires
47:20 Scale Mail Armor
Raspadori
9:54 Feudal Age
14:11 Castle Age
12:44 Double-Bit Axe
13:07 Horse Collar
14:21 Stone Mining
15:17 Bow Saw
16:00 Town Watch
17:08 Loom
17:28 Heavy Plow
20:14 Fletching
22:06 Bodkin Arrow
23:23 Gold Mining
24:05 Padded Archer Armor
25:19 Wheelbarrow
26:43 Ballistics
27:56 Hand Cart
30:35 Husbandry
33:26 Imperial Age
31:36 Leather Archer Armor
31:43 Bloodlines
33:42 Thumb Ring
34:24 Bracer
35:28 Chemistry
34:49 Conscription
35:51 Coinage
36:18 Parthian Tactics
35:16 Capped Ram
37:02 Elite Mangudai
38:41 Hoardings
38:55 Caravan
42:47 Masonry
42:35 Murder Holes
42:53 Masonry
46:43 Siege Ram
DoubleZX
11:20 Feudal Age
15:01 Castle Age
13:08 Double-Bit Axe
13:04 Horse Collar
16:59 Bow Saw
20:11 Loom
23:31 Stone Mining
24:09 Heavy Plow
25:31 Gold Mining
27:39 Wheelbarrow
26:49 Town Watch
32:22 Imperial Age
30:19 Scale Barding Armor
30:25 Forging
31:46 Chain Barding Armor
32:05 Hand Cart
32:52 Iron Casting
32:28 Hill Forts
32:27 Fletching
33:16 Stone Shaft Mining
33:47 Plate Barding Armor
33:37 Conscription
33:34 Elite Leitis
33:34 Elite Leitis
35:30 Two-Man Saw
35:09 Caravan
35:13 Fletching
37:59 Tower Shields
38:58 Bloodlines
42:40 Masonry
43:06 Hoardings
43:12 Husbandry
42:34 Light Cavalry
45:57 Capped Ram
46:09 Winged Hussar
Superlapin36
9:40 Loom
11:47 Feudal Age
15:45 Castle Age
15:21 Fletching
15:18 Double-Bit Axe
15:15 Horse Collar
17:30 Bodkin Arrow
26:02 Gold Mining
27:37 Thumb Ring
28:45 Ballistics
31:55 Wheelbarrow
36:48 Imperial Age
34:51 Hand Cart
35:07 Masonry
37:39 Heavy Plow
37:42 Bracer
37:43 Padded Archer Armor
38:45 Chemistry
38:57 Parthian Tactics
39:24 Caravan
40:27 Leather Archer Armor
39:38 Heavy Cavalry Archer
46:47 Bloodlines
46:37 Husbandry
ElRudyGrando
0:46 Loom
12:01 Feudal Age
12:14 Man-at-Arms
15:18 Horse Collar
17:07 Double-Bit Axe
18:32 Scale Mail Armor
21:31 Castle Age
20:04 Scale Mail Armor
24:26 Wheelbarrow
24:47 Bow Saw
25:41 Fletching
26:21 Hand Cart
26:55 Town Watch
29:33 Heavy Plow
30:55 Gold Mining
30:58 Stone Mining
32:12 Treadmill Crane
35:03 Imperial Age
33:09 Chain Mail Armor
32:50 Bodkin Arrow
33:07 Masonry
33:50 Stone Shaft Mining
33:54 Ballistics
34:09 Forging
34:28 Anarchy
35:03 Squires
35:41 Iron Casting
34:40 Pikeman
36:06 Conscription
35:30 Halberdier
37:59 Blast Furnace
37:41 Perfusion
40:06 Coinage
40:25 Bracer
47:04 Chemistry
leaftopjo
11:26 Feudal Age
12:23 Double-Bit Axe
15:20 Castle Age
14:53 Horse Collar
16:31 Bow Saw
22:45 Loom
24:25 Padded Archer Armor
28:08 Wheelbarrow
27:44 Town Watch
28:21 Bloodlines
29:45 Leather Archer Armor
29:33 Husbandry
31:06 Sanctity
33:38 Hand Cart
36:30 Imperial Age
35:47 Hand Cart
38:07 Ring Archer Armor
37:25 Elite Conquistador
40:36 Conscription
44:19 Inquisition
45:30 Caravan
Skavio22
7:04 Loom
9:42 Feudal Age
10:42 Double-Bit Axe
21:05 Castle Age
19:27 Fletching
21:24 Crossbowman
24:17 Bow Saw
23:47 Horse Collar
25:07 Pikeman
30:32 Wheelbarrow
30:30 Arson
30:42 Bodkin Arrow
31:48 Town Watch
32:06 Padded Archer Armor
33:44 Leather Archer Armor
33:30 Scale Mail Armor
34:00 Stone Mining
34:01 Gold Mining
39:18 Imperial Age
37:04 Hand Cart
38:05 Chain Mail Armor
38:01 Forging
38:23 Elite Skirmisher
39:28 Ballistics
40:02 Halberdier
42:46 Caravan
Connection lost

Rejoining the realm…

Still unreachable

The connection could not be restored.

Session expired

The server has moved on; the page needs a fresh start.